Map: Oxide LE

Players

Namshar

  • Race: Zerg Zerg
  • League: Grandmaster
  • Spawn Location: 1:00

Neeb - Winner!

  • Race: Protoss Protoss
  • Spawn Location: 7:00

Event: DreamHack SC2 Masters 2020 Winter

VOD

Have the link to the VOD?

Description

Time

  • Played on: Oct. 29, 2020, 7 p.m.
  • Length: 9:33

All games in this series

Show
View Real Time Build Order
Export as new Build Order

Namshar Zerg 

Build Orders: Hatch First 

Get SALT Encoding   

  12  0:00  Drone  
  13  0:12  Overlord  
  13  0:17  Drone  
  14  0:30  Drone x2  
  16  0:47  Hatchery  
  15  0:51  Drone  
  15  0:55  Drone  
  17  0:57  Drone  
  18  1:10  Extractor  
  17  1:14  Spawning Pool  
  17  1:18  Drone  
  18  1:28  Drone  
  18  1:29  Drone  
  18  1:30  Extractor  
  19  1:33  Hatchery  
  19  1:39  Overlord  
  18  2:02  Spine Crawler  
  18  2:04  Spine Crawler  
  18  2:06  Spine Crawler  
  15  2:09  Drone, Roach Warren  
  15  2:15  Drone  
  17  2:22  Drone  
  19  2:49  Roach x3  
  25  3:03  Hatchery  
  24  3:08  Ravager  
  24  3:09  Ravager x2  
  27  3:17  Queen  
  29  3:25  Overlord  
  29  3:31  Drone  
  30  3:42  Overlord  
  30  4:00  Metabolic Boost, Queen  
  29  4:18  Hatchery  
  29  4:21  Drone  
  26  4:31  Drone  
  26  4:32  Drone x4  
  26  4:33  Drone  
  29  4:43  Drone, Spore Crawler  
  29  4:44  Drone  
  30  4:49  Spore Crawler  
  29  4:53  Drone  
  30  5:00  Queen  
  30  5:05  Drone  
  28  5:07  Spore Crawler  
  28  5:10  Drone  
  28  5:11  Drone  
  30  5:14  Drone  
  30  5:18  Drone  
  32  5:28  Drone  
  32  5:29  Drone x3  
  34  5:35  Queen  
  34  5:39  Drone x2  
  38  5:47  Lair  
  38  5:56  Drone  
  39  6:01  Drone x5  
  42  6:10  Drone x2  
  42  6:16  Extractor  
  42  6:17  Extractor  
  40  6:19  Drone, Queen  
  40  6:20  Hatchery  
  40  6:22  Overlord  
  39  6:29  Drone, Spore Crawler  
  36  6:32  Drone  
  36  6:33  Drone  
  36  6:35  Drone  
  38  6:50  Drone x6  
  43  6:54  Hydralisk Den  
  43  6:59  Overlord  
  42  7:05  Drone  
  42  7:06  Queen  
  45  7:09  Overlord  
  45  7:16  Overlord  
  45  7:23  Grooved Spines  
  45  7:24  Hydralisk  
  45  7:29  Hydralisk  
  49  7:32  Queen  
  51  7:38  Hydralisk  
  51  7:43  Overlord  
  53  7:45  Hydralisk  
  53  7:50  Drone x5  
  60  7:58  Drone x4  
  63  8:01  Drone x3  
  60  8:14  Drone x5  
  60  8:17  Hydralisk  
  67  8:21  Hydralisk  
  69  8:31  Hydralisk x2  
  73  8:35  Zergling x2  
  73  8:36  Zergling x12  
  73  8:39  Hydralisk  
  82  8:45  Zergling x2, Hydralisk  
  80  8:53  Zergling x2, Hydralisk  
  80  8:54  Zergling x4  
  73  8:58  Hydralisk  
  73  8:59  Zergling x4  
Show
View Real Time Build Order
Export as new Build Order

Neeb Protoss - Winner!

Build Orders:  

Get SALT Encoding   

  12  0:00  Probe  
  13  0:12  Probe  
  14  0:17  Pylon  
  14  0:24  Probe (Chrono Boost)  
  15  0:36  Probe (Chrono Boost)  
  15  0:37  Forge  
  16  0:44  Probe (Chrono Boost)  
  17  0:51  Probe  
  18  1:09  Pylon  
  18  1:15  Pylon  
  18  1:16  Pylon  
  18  1:27  Photon Cannon, Gateway  
  18  1:29  Pylon  
  18  1:34  Probe (Chrono Boost)  
  19  1:43  Assimilator  
  19  1:46  Probe (Chrono Boost)  
  20  1:53  Probe (Chrono Boost)  
  21  1:54  Assimilator  
  21  2:00  Probe  
  22  2:12  Probe  
  23  2:18  Cybernetics Core  
  23  2:25  Probe  
  24  2:33  Nexus  
  24  2:35  Photon Cannon  
  24  2:46  Probe  
  25  2:55  Stargate  
  25  3:00  Gateway  
  25  3:05  Pylon  
  25  3:23  Probe  
  25  3:24  Pylon  
  25  3:26  Shield Battery  
  26  3:29  Pylon  
  26  3:32  Void Ray (Chrono Boost)  
  30  3:46  Probe (Chrono Boost)  
  30  3:47  Probe (Chrono Boost)  
  32  3:58  Probe (Chrono Boost)  
  32  3:59  Probe (Chrono Boost)  
  31  4:05  Probe  
  31  4:08  Oracle (Chrono Boost)  
  32  4:22  Probe (Chrono Boost)  
  32  4:32  Probe (Chrono Boost)  
  32  4:37  Probe (Chrono Boost)  
  31  4:40  Oracle (Chrono Boost)  
  31  4:42  Probe (Chrono Boost)  
  35  4:47  Probe  
  35  4:52  Probe  
  37  4:59  Probe  
  38  5:04  Probe  
  39  5:11  Probe  
  40  5:16  Pylon, Probe  
  40  5:17  Oracle (Chrono Boost)  
  44  5:23  Probe  
  45  5:28  Probe  
  45  5:31  Assimilator  
  45  5:33  Assimilator  
  45  5:35  Probe  
  47  5:40  Probe  
  48  5:45  Robotics Facility  
  48  5:47  Warp Gate  
  48  5:49  Probe (Chrono Boost)  
  49  5:52  Adept, Probe (Chrono Boost)  
  54  6:04  Probe (Chrono Boost)  
  54  6:05  Probe (Chrono Boost)  
  54  6:09  Probe (Chrono Boost)  
  52  6:11  Probe  
  53  6:19  Probe  
  53  6:24  Probe  
  55  6:29  Immortal (Chrono Boost)  
  55  6:31  Probe  
  60  6:34  Gateway  
  60  6:36  Gateway, Protoss Ground Weapons Level 1 (Chrono Boost), Probe  
  60  6:37  Pylon  
  60  6:39  Gateway  
  61  6:44  Probe  
  62  6:48  Probe  
  63  6:56  Nexus  
  63  7:05  Immortal (Chrono Boost)  
  67  7:13  Gateway  
  67  7:18  Gateway  
  67  7:21  Gateway  
  67  7:25  Gateway  
  67  7:35  Observer (Chrono Boost)  
  68  7:38  Sentry x2  
  68  7:39  Sentry x2  
  76  7:45  Pylon  
  76  7:48  Warp Prism  
  76  7:51  Pylon  
  78  8:12  Stalker x3  
  80  8:13  Stalker x3  
  80  8:18  Stalker  
  89  8:22  Stalker  
  91  8:29  Pylon  
  91  8:31  Pylon  
  87  8:55  Stalker x8  
  92  9:22  Stalker x7  
  92  9:23  Stalker  
Tags
 
Add a new tag
Caveats
  • Supply blocks, unpowered buildings, or Contaminate may cause inaccurate times.
  • Supply counts are checked every 10 seconds.